TOP OF THE 1ST |
Biloxi Shuckers batting - Pitching for Altoona Curve : LHP Ryan Rakoff
|
Pitching: LHP Ryan Rakoff
|
|
Batting: RHB Vinny Estrada
|
0-0: Foul Ball, location: 2F 0-1: Foul Ball, location: 2F 0-2: Strikes out swinging
|
Batting: RHB Gene Sutton
|
0-0: Ball 1-0: Swinging Strike 1-1: Foul Ball, location: 2F 1-2: Foul Ball, location: 2F 1-2: Ball 2-2: Ball 3-2: Base on Balls
|
Batting: RHB Steve Byerly
|
0-0: Swinging Strike 0-1: Ball 1-1: DOUBLE (Line Drive, 9LS, EV 111.2 MPH) Gene Sutton to third Runner from 3rd tries for Home, throw by RF and OUT! 9-4-2
|
Batting: LHB Alfredo de la Cruz
|
0-0: Foul Ball, location: 2F 0-1: Ball 1-1: Called Strike 1-2: Foul Ball, location: 2F 1-2: Ball 2-2: Foul Ball, location: 2F 2-2: Ground out 4-3 (Groundball, 4, EV 88.8 MPH)
|
Top of the 1st over - 0 runs, 1 hit, 0 errors, 1 left on base; Biloxi 0 - Altoona 0 |
BOTTOM OF THE 1ST |
Altoona Curve batting - Pitching for Biloxi Shuckers : LHP Nolan Stefanski
|
Pitching: LHP Nolan Stefanski
|
|
Batting: RHB Ron Corn
|
0-0: Called Strike 0-1: Foul Ball, location: 2F 0-2: Fly out, F9 (Flyball, 9D, EV 106.2 MPH)
|
Batting: RHB John Goynes
|
0-0: Called Strike 0-1: Ground out 5-3 (Groundball, 5L, EV 80.0 MPH)
|
Batting: RHB Jeremy Boerman
|
0-0: Called Strike 0-1: Foul Ball, location: 2F 0-2: Ball 1-2: SINGLE (Line Drive, 8RS, EV 90.6 MPH)
|
Batting: RHB Killian Jones
|
0-0: Ground out 5-3 (Groundball, 56S, EV 88.1 MPH)
|
Bottom of the 1st over - 0 runs, 1 hit, 0 errors, 1 left on base; Biloxi 0 - Altoona 0 |
TOP OF THE 2ND |
Biloxi Shuckers batting - Pitching for Altoona Curve : LHP Ryan Rakoff
|
Batting: RHB Matthew Adams
|
0-0: Swinging Strike 0-1: Ball 1-1: Ball 2-1: Ball 3-1: Ground out 1-3 (Groundball, 13S, EV 65.0 MPH)
|
Batting: RHB John Freeman
|
0-0: DOUBLE (Flyball, 8LD, EV 98.1 MPH)
|
Batting: SHB Mitchell Greene
|
0-0: Ball 1-0: Ball 2-0: Swinging Strike 2-1: Ground out 5-3 (Groundball, 56S, EV 80.6 MPH)
|
Batting: RHB Nick Spiller
|
0-0: Called Strike 0-1: Ball 1-1: Swinging Strike 1-2: Ball 2-2: Strikes out swinging
|
Top of the 2nd over - 0 runs, 1 hit, 0 errors, 1 left on base; Biloxi 0 - Altoona 0 |
BOTTOM OF THE 2ND |
Altoona Curve batting - Pitching for Biloxi Shuckers : LHP Nolan Stefanski
|
Batting: RHB Chris Pozzi
|
0-0: Foul Ball, location: 2F 0-1: Ball 1-1: Foul Ball, location: 2F 1-2: Foul Ball, location: 2F 1-2: Ball 2-2: Ball 3-2: Fly out, F5 (Popup, 25F, EV 85.6 MPH)
|
Batting: RHB Nelson Ozuna
|
0-0: Ball 1-0: Ground out 4-3 (Groundball, 4, EV 98.8 MPH)
|
Batting: RHB Keiji Nakajima
|
0-0: Ball 1-0: Ball 2-0: Fly out, F9 (Flyball, 89S, EV 93.1 MPH)
|
Bottom of the 2nd over - 0 runs, 0 hits, 0 errors, 0 left on base; Biloxi 0 - Altoona 0 |
TOP OF THE 3RD |
Biloxi Shuckers batting - Pitching for Altoona Curve : LHP Ryan Rakoff
|
Batting: LHB Aaron Mobley
|
0-0: Ball 1-0: Swinging Strike 1-1: Foul Ball, location: 2F 1-2: Foul Ball, location: 2F 1-2: Ball 2-2: Ball 3-2: Ground out 3-1 (Groundball, 34, EV 86.2 MPH)
|
Batting: RHB Vinny Estrada
|
0-0: Ground out 6-3 (Groundball, 6, EV 78.8 MPH)
|
Batting: RHB Gene Sutton
|
0-0: Ball 1-0: Foul Ball, location: 2F 1-1: Foul Ball, location: 2F 1-2: Foul Ball, location: 2F 1-2: Ball 2-2: Strikes out looking
|
Top of the 3rd over - 0 runs, 0 hits, 0 errors, 0 left on base; Biloxi 0 - Altoona 0 |
BOTTOM OF THE 3RD |
Altoona Curve batting - Pitching for Biloxi Shuckers : LHP Nolan Stefanski
|
Batting: RHB Brian Moore
|
0-0: Ball 1-0: Called Strike 1-1: Ground out 4-3 (Groundball, 4, EV 78.1 MPH)
|
Batting: LHB Jesse Henly
|
0-0: Ball 1-0: Ball 2-0: Called Strike 2-1: Ball 3-1: Called Strike 3-2: Base on Balls
|
Batting: RHB Ron Corn
|
0-0: Ball Jesse Henly is caught stealing 2nd base 2-4 1-0: Ball 2-0: Ball 3-0: Base on Balls
|
Batting: RHB John Goynes
|
0-0: Ball Ron Corn is caught stealing 2nd base 2-4
|
Bottom of the 3rd over - 0 runs, 0 hits, 0 errors, 0 left on base; Biloxi 0 - Altoona 0 |
TOP OF THE 4TH |
Biloxi Shuckers batting - Pitching for Altoona Curve : LHP Ryan Rakoff
|
Batting: RHB Steve Byerly
|
0-0: Swinging Strike 0-1: Called Strike 0-2: Strikes out swinging
|
Batting: LHB Alfredo de la Cruz
|
0-0: Called Strike 0-1: Swinging Strike 0-2: Strikes out swinging
|
Batting: RHB Matthew Adams
|
0-0: Called Strike 0-1: Called Strike 0-2: Fly out, F7 (Flyball, 7LS, EV 90.0 MPH)
|
Top of the 4th over - 0 runs, 0 hits, 0 errors, 0 left on base; Biloxi 0 - Altoona 0 |
BOTTOM OF THE 4TH |
Altoona Curve batting - Pitching for Biloxi Shuckers : LHP Nolan Stefanski
|
Batting: RHB John Goynes
|
0-0: Ball 1-0: Fly out, F9 (Flyball, 9LS, EV 86.9 MPH)
|
Batting: RHB Jeremy Boerman
|
0-0: Ball 1-0: Ball 2-0: Ball 3-0: Called Strike 3-1: Base on Balls
|
Batting: RHB Killian Jones
|
0-0: Ball 1-0: Grounds into double play, 5-4-3 (Groundball, 56, EV 105.0 MPH)
|
Bottom of the 4th over - 0 runs, 0 hits, 0 errors, 0 left on base; Biloxi 0 - Altoona 0 |
TOP OF THE 5TH |
Biloxi Shuckers batting - Pitching for Altoona Curve : LHP Ryan Rakoff
|
Batting: RHB John Freeman
|
0-0: Ball 1-0: Fly out, F9 (Flyball, 9D, EV 99.4 MPH)
|
Batting: SHB Mitchell Greene
|
0-0: Ball 1-0: Fly out, F4 (Popup, 34S, EV 81.2 MPH)
|
Pitching: RHP Dave Weinraub
|
|
Batting: RHB Nick Spiller
|
0-0: Called Strike 0-1: Foul Ball, location: 2F 0-2: Strikes out swinging
|
Top of the 5th over - 0 runs, 0 hits, 0 errors, 0 left on base; Biloxi 0 - Altoona 0 |
BOTTOM OF THE 5TH |
Altoona Curve batting - Pitching for Biloxi Shuckers : LHP Nolan Stefanski
|
Batting: RHB Chris Pozzi
|
0-0: Swinging Strike 0-1: Ball 1-1: Ball 2-1: Foul Ball, location: 2F 2-2: Ground out 5-3 (Groundball, 56, EV 78.1 MPH)
|
Batting: RHB Nelson Ozuna
|
0-0: Ball 1-0: Ball 2-0: Called Strike 2-1: Fly out, F3 (Popup, 3S, EV 76.2 MPH)
|
Batting: RHB Keiji Nakajima
|
0-0: Called Strike 0-1: Ball 1-1: Ball 2-1: Ground out 6-3 (Groundball, 6, EV 100.0 MPH)
|
Bottom of the 5th over - 0 runs, 0 hits, 0 errors, 0 left on base; Biloxi 0 - Altoona 0 |
TOP OF THE 6TH |
Biloxi Shuckers batting - Pitching for Altoona Curve : RHP Dave Weinraub
|
Batting: LHB Aaron Mobley
|
0-0: Foul Ball, location: 2F 0-1: Foul Ball, location: 2F 0-2: Ball 1-2: Foul Ball, location: 2F 1-2: Strikes out swinging
|
Batting: RHB Vinny Estrada
|
0-0: Fly out, F4 (Flyball, 4D, EV 76.9 MPH)
|
Batting: RHB Gene Sutton
|
0-0: Ball 1-0: Ball 2-0: Ball 3-0: DOUBLE (Line Drive, 7LS, EV 93.1 MPH)
|
Batting: RHB Steve Byerly
|
0-0: Foul Ball, location: 2F 0-1: Foul Ball, location: 2F 0-2: Strikes out swinging
|
Top of the 6th over - 0 runs, 1 hit, 0 errors, 1 left on base; Biloxi 0 - Altoona 0 |
BOTTOM OF THE 6TH |
Altoona Curve batting - Pitching for Biloxi Shuckers : LHP Nolan Stefanski
|
Batting: RHB Brian Moore
|
0-0: Called Strike 0-1: Ball 1-1: Ball 2-1: Foul Ball, location: 2F 2-2: Foul Ball, location: 2F 2-2: Foul Ball, location: 2F 2-2: Strikes out swinging
|
Batting: LHB Jesse Henly
|
0-0: Called Strike 0-1: Ball 1-1: Ball 2-1: Ball 3-1: Ground out 6-3 (Groundball, 6M, EV 102.5 MPH)
|
Batting: RHB Ron Corn
|
0-0: Foul Ball, location: 2F 0-1: Fly out, F7 (Flyball, 78M, EV 98.1 MPH)
|
Bottom of the 6th over - 0 runs, 0 hits, 0 errors, 0 left on base; Biloxi 0 - Altoona 0 |
TOP OF THE 7TH |
Biloxi Shuckers batting - Pitching for Altoona Curve : RHP Dave Weinraub
|
Batting: LHB Alfredo de la Cruz
|
0-0: Ball 1-0: Ball 2-0: Ball 3-0: Base on Balls
|
Batting: RHB Matthew Adams
|
0-0: Foul Ball, location: 2F 0-1: Ball 1-1: Ball 2-1: Foul Ball, location: 2F 2-2: Grounds into double play, 5-4-3 (Groundball, 56, EV 102.5 MPH)
|
Pinch Hitting: LHB Joe Vida
|
0-0: Called Strike 0-1: Foul Ball, location: 2F 0-2: Strikes out swinging
|
Top of the 7th over - 0 runs, 0 hits, 0 errors, 0 left on base; Biloxi 0 - Altoona 0 |
BOTTOM OF THE 7TH |
Altoona Curve batting - Pitching for Biloxi Shuckers : LHP Nolan Stefanski
|
Now in LF: Matt Saunders
|
|
Now in CF: Matthew Adams
|
|
Batting: RHB John Goynes
|
0-0: Called Strike 0-1: Foul Ball, location: 2F 0-2: Strikes out looking
|
Batting: RHB Jeremy Boerman
|
0-0: Called Strike 0-1: SINGLE (Flyball, 4MD, EV 96.2 MPH)
|
Batting: RHB Killian Jones
|
0-0: Ball 1-0: Swinging Strike 1-1: Foul Ball, location: 2F 1-2: Ball 2-2: Ball 3-2: Foul Ball, location: 2F 3-2: Strikes out swinging
|
Batting: RHB Chris Pozzi
|
0-0: Ball 1-0: Swinging Strike 1-1: Foul Ball, location: 2F 1-2: Ball 2-2: Foul Ball, location: 2F 2-2: Ball 3-2: SINGLE (Groundball, 34, EV 94.4 MPH) Jeremy Boerman to second Jeremy Boerman to third
|
Pitching: RHP Jeff Alanis
|
|
Batting: RHB Nelson Ozuna
|
0-0: Ball 1-0: Ball 2-0: Ball 3-0: Base on Balls Chris Pozzi to second
|
Batting: RHB Keiji Nakajima
|
0-0: Swinging Strike 0-1: Called Strike 0-2: SINGLE (Line Drive, 6D, EV 93.8 MPH) Jeremy Boerman scores Chris Pozzi to third Nelson Ozuna to second Runner from 3rd tries for Home, SAFE, throw by LF to home
|
Batting: RHB Brian Moore
|
0-0: Swinging Strike 0-1: Fly out, F9 (Flyball, 9, EV 84.4 MPH)
|
Bottom of the 7th over - 2 runs, 3 hits, 0 errors, 2 left on base; Biloxi 0 - Altoona 2 |
TOP OF THE 8TH |
Biloxi Shuckers batting - Pitching for Altoona Curve : RHP Dave Weinraub
|
Pitching: RHP Doug Rawson
|
|
Batting: SHB Mitchell Greene
|
0-0: Ball 1-0: Called Strike 1-1: Called Strike 1-2: Strikes out swinging
|
Batting: RHB Nick Spiller
|
0-0: Ball 1-0: Ball 2-0: Ball 3-0: Base on Balls
|
Batting: LHB Aaron Mobley
|
0-0: Called Strike 0-1: Swinging Strike 0-2: Strikes out swinging
|
Batting: RHB Vinny Estrada
|
0-0: Ball 1-0: Fielders Choice at 2nd, 5-4 (Groundball, 5, EV 106.2 MPH)
|
Top of the 8th over - 0 runs, 0 hits, 0 errors, 1 left on base; Biloxi 0 - Altoona 2 |
BOTTOM OF THE 8TH |
Altoona Curve batting - Pitching for Biloxi Shuckers : RHP Jeff Alanis
|
Batting: LHB Jesse Henly
|
0-0: Ball 1-0: Ball 2-0: DOUBLE (Line Drive, 78D, EV 104.4 MPH)
|
Batting: RHB Ron Corn
|
0-0: Ball 1-0: Foul Ball, location: 2F 1-1: Bunted foul 1-2: Ball 2-2: Ground out 6-3 (Groundball, 6, EV 101.2 MPH)
|
Batting: RHB John Goynes
|
0-0: Ball Jesse Henly steals 3rd base 1-0: Called Strike 1-1: Ball 2-1: Called Strike 2-2: Ball 3-2: Strikes out swinging
|
Batting: RHB Jeremy Boerman
|
0-0: Ball 1-0: Foul Ball, location: 2F 1-1: Ball 2-1: Foul Ball, location: 2F 2-2: DOUBLE (Line Drive, 8LXD, EV 104.4 MPH) Jesse Henly scores
|
Batting: RHB Killian Jones
|
0-0: Swinging Strike 0-1: Ball 1-1: Called Strike 1-2: Strikes out swinging
|
Bottom of the 8th over - 1 run, 2 hits, 0 errors, 1 left on base; Biloxi 0 - Altoona 3 |
TOP OF THE 9TH |
Biloxi Shuckers batting - Pitching for Altoona Curve : RHP Doug Rawson
|
Pitching: RHP Hugo Rodriguez
|
|
Batting: RHB Gene Sutton
|
0-0: Called Strike 0-1: Ground out 6-3 (Groundball, 6, EV 102.5 MPH)
|
Batting: RHB Steve Byerly
|
0-0: Ball 1-0: Foul Ball, location: 2F 1-1: Swinging Strike 1-2: Ball 2-2: Foul Ball, location: 2F 2-2: Strikes out swinging
|
Batting: LHB Alfredo de la Cruz
|
0-0: Ball 1-0: Ball 2-0: Foul Ball, location: 2F 2-1: Called Strike 2-2: Ground out 4-3 (Groundball, 4S, EV 73.1 MPH)
|
Top of the 9th over - 0 runs, 0 hits, 0 errors, 0 left on base; Biloxi 0 - Altoona 3 |
|